 Dungeon Crawl Stone Soup version 0.30-a0-174-gbc10bd73c2 (webtiles) character file.

Game seed: 1589763848360034366

1911 qw the Cleaver (level 9, -4/55 HPs)
             Began as a Gargoyle Fighter on Oct 1, 2022.
             Was an Initiate of Okawaru.
             Slain by a large slime creature (24 damage)
             ... on level 7 of the Dungeon.
             The game lasted 00:02:08 (5559 turns).

qw the Cleaver (Gargoyle Fighter)                   Turns: 5559, Time: 00:02:08

Health: -4/55      AC: 21    Str: 30    XL:     9   Next: 16%
Magic:  9/9        EV: 12    Int:  9    God:    Okawaru [......]
Gold:   378        SH:  4    Dex:  9    Spells: 8/8 levels left

rFire   . . .      SeeInvis .    Y - +1 war axe (venom)
rCold   . . .      Faith    .    c - +0 buckler
rNeg    + . .      Spirit   .    o - +0 chain mail
rPois   inf        Reflect  .    b - +0 helmet
rElec   +          Harm     .    (no cloak)
rCorr   .          Rampage  .    q - +1 pair of gloves
Will    .....                    a - +1 pair of boots {Fly}
Stlth   ..........               (no amulet)
HPRegen 0.29/turn                j - +4 ring of evasion
MPRegen 0.11/turn                g - +6 ring of strength

@: flying
A: sickness immunity, AC +6, negative energy resistance 1, electricity
resistance, torment resistance 1, petrification resistance
a: Renounce Religion


You were on level 7 of the Dungeon.
You worshipped Okawaru.
Okawaru was noncommittal.
You visited 2 branches of the dungeon, and saw 8 of its levels.

You collected 408 gold pieces.
You spent 30 gold pieces at shops.


Innate Abilities, Weirdness & Mutations

You are immune to sickness and miasma.
Your stone body is resilient. (AC +6)
You are immune to poison.
You resist negative energy. (rN+)
You are resistant to electric shocks. (rElec)
You are resistant to unholy torment.
You are immune to petrification.


   Skills:
 - Level 6.0 Fighting
 - Level 9.0 Axes
 - Level 1.7 Throwing
 + Level 4.1 Armour
 - Level 1.2 Dodging
 - Level 4.5 Shields


You had 8 spell levels left.
You didn't know any spells.
Your spell library was empty.

Inventory:

Hand Weapons
 e - a +0 morningstar
 Y - a +1 war axe of venom (weapon)
Missiles
 t - a boomerang (quivered)
Armour
 a - a +1 pair of boots of flying (worn)
 b - a +0 helmet (worn)
 c - a +0 buckler (worn)
 o - a +0 chain mail (worn)
 q - a +1 pair of gloves (worn)
Jewellery
 g - a +6 ring of strength (right hand)
 j - a +4 ring of evasion (left hand)
 s - a ring of fire
Scrolls
 k - 5 scrolls of identify
Potions
 d - 4 potions of might
 f - 2 potions of heal wounds
 h - a potion of resistance
 i - 2 potions of lignification
 l - 2 potions of haste
 m - 5 potions of curing
 n - a potion of mutation

Dungeon Overview and Level Annotations

Branches:
Dungeon (7/15)             Temple (1/1) D:6

Altars:
Ashenzari
Cheibriados
Dithmenos
Elyvilon
Fedhas
Gozag
Hepliaklqana
Kikubaaqudgha
Makhleb
Nemelex Xobeh
Okawaru
Qazlal
Ru
Sif Muna
Trog
Uskayaw
Vehumet
Wu Jian
Xom
Yredelemnul
Zin
The Shining One

Shops:
D:2 (


Message History

The slime creature is lightly wounded.
You block the slime creature's attack.
You hit the slime creature.
The slime creature is moderately wounded.
Two slime creatures merge to form a large slime creature.
You hit the large slime creature.
The large slime creature is lightly wounded.
The large slime creature hits you!!
You block the large slime creature's attack.
You slash the large slime creature!
The large slime creature is moderately wounded.
The large slime creature hits you but does no damage.
You slash the large slime creature!
The large slime creature is heavily wounded.
The large slime creature hits you but does no damage.
You barely miss the large slime creature.
The large slime creature is heavily wounded.
The large slime creature hits you but does no damage.
You slash the large slime creature!
The large slime creature is heavily wounded.
The large slime creature hits you.
You slash the large slime creature!
The large slime creature is heavily wounded.
The large slime creature hits you!
You hit the large slime creature.
The large slime creature is heavily wounded.
The large slime creature hits you.
5556 ||| DRINKING 3 potions of heal wounds.
You feel much better. The large slime creature hits you!!
You barely miss the large slime creature.
The large slime creature is severely wounded.
The large slime creature closely misses you.
You slash the large slime creature!
The large slime creature is severely wounded.
The large slime creature barely misses you.
You slash the large slime creature!
The large slime creature is almost dead.
The large slime creature hits you!!
You die...

#.##.####.#
#.# # #.##
#.# #.#
#..# #.#
#.# ##.#
#.# #.#
#.###.###.#
#.#
#.........#
#.# .
#####.#####
....#####.#
......J@..#
....#######
.


You could see a large slime creature (poisoned).

Vanquished Creatures
  Grinder (D:3)
  A slime creature (D:7)
  An ice beast (D:6)
  A sky beast (D:6)
  2 black bears
  3 ogres
  2 phantoms
  2 necrophages
  A scorpion (D:6)
  3 hounds (D:5)
  An orc priest (D:7)
  2 jellies
  3 iguanas
  2 orc wizards
  Robin (D:3)
  10 adders
  4 gnolls (D:6)
  2 worms (D:4)
  11 dart slugs
  16 orcs
  5 endoplasms
  6 giant cockroaches
  13 goblins
  9 hobgoblins
  6 quokkas
  12 ball pythons
  5 bats
  2 frilled lizards
  3 kobolds
  5 rats
135 creatures vanquished.

Vanquished Creatures (others)
  A withered plant (D:2)
1 creature vanquished.

Grand Total: 136 creatures vanquished

Notes
Turn   | Place    | Note
-------+----------+-------------------------------------------
     0 | D:1      | qw the Gargoyle Fighter began the quest for the Orb.
     0 | D:1      | Reached XP level 1. HP: 14/14 MP: 1/1
     0 | D:1      | 0 ||| qw: Version: 0.2-a-13-gfc7b4b4
     0 | D:1      | 0 ||| qw: Game counter: 1938
     0 | D:1      | 0 ||| qw: Always use a shield: true
     0 | D:1      | 0 ||| qw: God list: Okawaru
     0 | D:1      | 0 ||| qw: Allow faded altars: false
     0 | D:1      | 0 ||| qw: Do Orc after D:15 true
     0 | D:1      | 0 ||| qw: Do second Lair branch before Depths: true
     0 | D:1      | 0 ||| qw: Lair rune preference: random
     0 | D:1      | 0 ||| qw: Plans: Normal, Zot:1-4, God:TSO, Crypt, Tomb,
                  | Pan, Slime:5, Hells, Abyss, Orb
     0 | D:1      | 0 ||| PLANNING D:1-11
    42 | D:1      | Reached skill level 2 in Axes
   187 | D:1      | Reached XP level 2. HP: 19/19 MP: 2/2
   488 | D:1      | 488 ||| Stepping ~*~*~tactically~*~*~ (stealth).
   491 | D:1      | 491 ||| Stepping ~*~*~tactically~*~*~ (stealth).
   493 | D:1      | 493 ||| Stepping ~*~*~tactically~*~*~ (stealth).
   706 | D:1      | Reached skill level 3 in Axes
   931 | D:1      | 931 ||| UPGRADING to +4 ring of evasion.
   932 | D:1      | 932 ||| READING scroll labelled SAVVOR SEST.
   933 | D:1      | 933 ||| READING scroll labelled MEOWNOBB DULEN.
   934 | D:1      | 934 ||| READING 3 scrolls labelled PUNEUTS AWAE.
   935 | D:1      | 935 ||| DRINKING 2 bubbling purple potions.
   936 | D:1      | 936 ||| READING 2 scrolls of identify.
   936 | D:1      | 936 ||| IDENTIFYING fizzy inky potion
   937 | D:1      | 937 ||| DROPPING potion of flight.
   938 | D:1      | 938 ||| DROPPING potion of magic.
   999 | D:2      | Reached XP level 3. HP: 23/23 MP: 3/3
  1029 | D:2      | Found a shimmering altar of Xom.
  1057 | D:2      | Found Siroogar's Weapon Boutique.
  1068 | D:2      | 1068 ||| BUYING +0 whip (30 gold).
  1068 | D:2      | Bought a +0 whip for 30 gold pieces
  1068 | D:2      | 1068 ||| DROPPING +0 club.
  1167 | D:2      | Found a faded altar of an unknown god.
  1448 | D:2      | Reached skill level 4 in Axes
  1448 | D:2      | Reached XP level 4. HP: 25/28 MP: 4/4
  1546 | D:2      | 1546 ||| Stepping ~*~*~tactically~*~*~ (hiding).
  1782 | D:2      | 1782 ||| UPGRADING to +0 pair of boots.
  1787 | D:2      | 1787 ||| UPGRADING to +6 ring of strength.
  1788 | D:2      | 1788 ||| READING scroll labelled HENTUO ELIHEYP REN.
  1789 | D:2      | 1789 ||| READING scroll labelled FUDGHO FIMUEHOTZ.
  1790 | D:2      | 1790 ||| DRINKING 2 blue potions.
  1791 | D:2      | 1791 ||| READING 2 scrolls of identify.
  1791 | D:2      | 1791 ||| IDENTIFYING orange potion
  1792 | D:2      | 1792 ||| DROPPING potion of brilliance.
  1966 | D:3      | Reached XP level 5. HP: 29/32 MP: 5/5
  2060 | D:3      | Noticed Robin
  2061 | D:3      | 2061 ||| Stepping ~*~*~tactically~*~*~ (stealth).
  2065 | D:3      | 2065 ||| Stepping ~*~*~tactically~*~*~ (stealth).
  2076 | D:3      | 2076 ||| Stepping ~*~*~tactically~*~*~ (stealth).
  2101 | D:3      | You fall into a shaft and drop 2 floors!
  2101 | D:5      | Entered Level 5 of the Dungeon
  2175 | D:5      | 2175 ||| Stepping ~*~*~tactically~*~*~ (hiding).
  2192 | D:5      | 2192 ||| DRINKING 2 fuming silvery potions.
  2201 | D:5      | 2201 ||| FLEEEEING.
  2202 | D:5      | 2202 ||| STAIRDANCE
  2211 | D:4      | Reached skill level 5 in Axes
  2245 | D:4      | 2245 ||| DROPPING +0 whip.
  2263 | D:4      | 2263 ||| Stepping ~*~*~tactically~*~*~ (stealth).
  2264 | D:4      | 2264 ||| Stepping ~*~*~tactically~*~*~ (stealth).
  2283 | D:4      | 2283 ||| Stepping ~*~*~tactically~*~*~ (hiding).
  2299 | D:4      | Reached skill level 1 in Dodging
  2378 | D:4      | 2378 ||| DROPPING +0 flail.
  2404 | D:4      | Noticed an ogre
  2408 | D:4      | Reached XP level 6. HP: 37/37 MP: 6/6
  2410 | D:4      | 2410 ||| Stepping ~*~*~tactically~*~*~ (stealth).
  2524 | D:4      | 2524 ||| UPGRADING to +0 chain mail.
  2534 | D:4      | 2534 ||| DROPPING +0 scale mail.
  2535 | D:4      | 2535 ||| READING 5 scrolls of identify.
  2535 | D:4      | 2535 ||| IDENTIFYING glowing grey potion
  2536 | D:4      | 2536 ||| READING 4 scrolls of identify.
  2536 | D:4      | 2536 ||| IDENTIFYING inky potion
  2537 | D:4      | 2537 ||| READING 3 scrolls of identify.
  2537 | D:4      | 2537 ||| IDENTIFYING murky green potion
  2539 | D:4      | 2539 ||| FLEEEEING.
  2540 | D:4      | 2540 ||| FLEEEEING.
  2541 | D:4      | 2541 ||| FLEEEEING.
  2542 | D:4      | 2542 ||| STAIRDANCE
  2553 | D:3      | Killed Robin
  2669 | D:3      | 2669 ||| Stepping ~*~*~tactically~*~*~ (stealth).
  2670 | D:3      | 2670 ||| Stepping ~*~*~tactically~*~*~ (stealth).
  2671 | D:3      | 2671 ||| Stepping ~*~*~tactically~*~*~ (stealth).
  2672 | D:3      | 2672 ||| Stepping ~*~*~tactically~*~*~ (stealth).
  2673 | D:3      | 2673 ||| Stepping ~*~*~tactically~*~*~ (stealth).
  2674 | D:3      | 2674 ||| Stepping ~*~*~tactically~*~*~ (stealth).
  2675 | D:3      | 2675 ||| Stepping ~*~*~tactically~*~*~ (stealth).
  2676 | D:3      | 2676 ||| Stepping ~*~*~tactically~*~*~ (stealth).
  2677 | D:3      | 2677 ||| Stepping ~*~*~tactically~*~*~ (stealth).
  2678 | D:3      | 2678 ||| Stepping ~*~*~tactically~*~*~ (stealth).
  2841 | D:3      | Noticed Grinder
  2851 | D:3      | Killed Grinder
  2852 | D:3      | Reached skill level 6 in Axes
  2852 | D:3      | Reached XP level 7. HP: 38/44 MP: 7/7
  3140 | D:3      | 3140 ||| UPGRADING to +0 helmet.
  3145 | D:3      | 3145 ||| UPGRADING to +0 pair of gloves.
  3150 | D:3      | 3150 ||| READING 2 scrolls labelled VIUHUY YL HUERR.
  3151 | D:3      | 3151 ||| READING scroll labelled FAM ICLYLEYMAPYJO.
  3152 | D:3      | 3152 ||| READING scroll labelled DUWEIX XEOGUOC.
  3153 | D:3      | 3153 ||| DROPPING scroll of noise.
  3723 | D:4      | 3723 ||| DROPPING ring of flight.
  3724 | D:4      | 3724 ||| READING scroll labelled XIEJYN LUBOSIDA.
  3725 | D:4      | 3725 ||| READING scroll labelled ENWOOTZEMOD.
  3768 | D:5      | 3768 ||| READING scroll of enchant armour.
  3768 | D:5      | 3768 ||| ENCHANTING +0 pair of gloves.
  3974 | D:5      | Reached skill level 7 in Axes
  4092 | D:5      | Reached XP level 8. HP: 48/49 MP: 8/8
  4361 | D:5      | Reached skill level 1 in Throwing
  4610 | D:5      | 4610 ||| UPGRADING to +1 pair of boots of flying.
  4620 | D:5      | 4620 ||| DROPPING +0 pair of boots.
  4621 | D:5      | 4621 ||| DROPPING ring of wizardry.
  4622 | D:5      | 4622 ||| READING scroll labelled LOACWY ALOMIA.
  4623 | D:5      | 4623 ||| READING scroll labelled NUQEMUG YHA WAC.
  4631 | D:5      | 4631 ||| READING 3 scrolls of identify.
  4631 | D:5      | 4631 ||| IDENTIFYING fuming inky potion
  4632 | D:5      | 4632 ||| DROPPING potion of degeneration.
  4683 | D:6      | Identified the +1 ring mail of the Original Sin {rPois
                  | Dex+2}
  4799 | D:6      | Found a staircase to the Ecumenical Temple.
  4800 | D:6      | 4800 ||| PLANNING TEMPLE
  4800 | D:6      | 4800 ||| DROPPING +1 ring mail of the Original Sin {rPois
                  | Dex+2}.
  4806 | Temple   | Entered the Ecumenical Temple
  4846 | Temple   | 4846 ||| PLANNING OKAWARU WORSHIP
  4975 | Temple   | Became a worshipper of Warmaster Okawaru
  4976 | Temple   | 4976 ||| PLANNING D:1-11
  5110 | D:6      | Reached skill level 8 in Axes
  5119 | D:6      | Reached skill level 6 in Fighting
  5226 | D:6      | 5226 ||| Stepping ~*~*~tactically~*~*~ (stealth).
  5232 | D:6      | Reached XP level 9. HP: 53/55 MP: 9/9
  5255 | D:6      | Found a snail-covered altar of Cheibriados.
  5284 | D:6      | Found a burning altar of Makhleb.
  5368 | D:6      | 5368 ||| READING 6 scrolls of identify.
  5368 | D:6      | 5368 ||| IDENTIFYING fizzy clear potion
  5487 | D:7      | Reached skill level 9 in Axes
  5555 | D:7      | HP: 12/55 [large slime creature (2)]
  5556 | D:7      | 5556 ||| DRINKING 3 potions of heal wounds.
  5559 | D:7      | Slain by a large slime creature

Levels and vault maps discovered:
D:1:      minmay_arrival_wavy_path, layout_basic, minmay_cupped
D:2:      layout_loops_ring, serial_shops, nicolae_diamond_shop,
          ebering_ecumenical_altar_petrified, basic_altar
D:3:      layout_basic, uniq_robin, uniq_grinder
D:4:      layout_cave_pods
D:5:      kennysheep_slugbush, layout_basic
D:6:      layout_basic, mainiacjoe_overflow_two_lobes,
          minmay_temple_entry_butterflies
D:7:      layout_loops_corners, kennysheep_generic_room_4
Temple:   nicolae_temple_bog_church

Skill      XL: |  1  2  3  4  5  6  7  8  9 |
---------------+----------------------------+-----
Axes           | 2 3 4 5 6 7 8 9 |  9.0
Dodging        | 1 |  1.2
Fighting       | 4 5 6 |  6.0
Armour         | 4 |  4.1
Throwing       | 1 |  1.7
Shields        | 4 |  4.5

Action                   |  1- 3 |  4- 6 |  7- 9 || total
-------------------------+-------+-------+-------++-------
Melee: War axe           |    92 |   111 |   157 ||   360
Throw: Boomerang         |       |    44 |    29 ||    73
  Use: Scroll            |     4 |     6 |    10 ||    20
       Potion            |     1 |     2 |     1 ||     4
Armor: Scale mail        |    34 |    36 |       ||    70
       Chain mail        |       |     6 |    74 ||    80
Dodge: Dodged            |    52 |    55 |    65 ||   172
Block: Buckler           |    18 |    11 |    20 ||    49

Table legend:
 A = Non-vault XP
 B = Vault XP
 C = Vault XP percentage of total XP
 D = Non-vault monster count
 E = Vault monster count
 F = Vault count percentage of total count
                 A         B        C        D         E       F
            +---------+---------+-------+---------+---------+-------
      Total |    2380 |     350 |  12.8 |     111 |      24 |  17.8
            +---------+---------+-------+---------+---------+-------
        D:1 |      30 |       2 |   6.2 |      21 |       1 |   4.5
        D:2 |     108 |       0 |   0.0 |      19 |       0 |   0.0
        D:3 |     180 |     308 |  63.1 |      15 |      13 |  46.4
        D:4 |     257 |       0 |   0.0 |      23 |       0 |   0.0
        D:5 |     623 |      40 |   6.0 |      14 |      10 |  41.7
        D:6 |     877 |       0 |   0.0 |      14 |       0 |   0.0
        D:7 |     305 |       0 |   0.0 |       5 |       0 |   0.0
            +---------+---------+-------+---------+---------+-------
